TOP OF THE 1ST |
University of Miami Hurricanes batting - Pitching for University of Florida Gators : RHP Jay Rudacille
|
Pitching: RHP Jay Rudacille
|
|
Batting: RHB C.J. Fleet
|
0-0: Called Strike 0-1: Ball 1-1: Foul Ball, location: 2F 1-2: Strikes out swinging
|
Batting: RHB Sam Costello
|
0-0: Called Strike 0-1: Ball 1-1: Ball 2-1: Foul Ball, location: 2F 2-2: Foul Ball, location: 2F 2-2: Strikes out swinging
|
Batting: LHB Addergoole Kartosuwiryo
|
0-0: Swinging Strike 0-1: Ball 1-1: Called Strike 1-2: Foul Ball, location: 2F 1-2: Ground out U3 (Groundball, 3, EV 83.8 MPH)
|
Top of the 1st over - 0 runs, 0 hits, 0 errors, 0 left on base; University of Miami 0 - University of Florida 0 |
BOTTOM OF THE 1ST |
University of Florida Gators batting - Pitching for University of Miami Hurricanes : RHP Brandon Papa
|
Pitching: RHP Brandon Papa
|
|
Batting: RHB Marco Morales
|
0-0: Ball 1-0: Swinging Strike 1-1: Called Strike 1-2: Ball 2-2: Foul Ball, location: 2F 2-2: Ball 3-2: Base on Balls
|
Batting: LHB Terry Bayer
|
0-0: Ball 1-0: Called Strike 1-1: Ball 2-1: Fielders Choice at 2nd, 1-6 (Groundball, 34S, EV 64.4 MPH)
|
Batting: RHB Robert Mason
|
0-0: Called Strike Terry Bayer steals 2nd base 0-1: DOUBLE (Flyball, 89D, EV 110.6 MPH) Terry Bayer scores
|
Batting: RHB Gong-sun Law
|
0-0: Called Strike 0-1: Ball 1-1: SINGLE (Groundball, 56D, EV 98.1 MPH) Robert Mason to third
|
Batting: RHB Elliott Pye
|
0-0: Ball 1-0: Ball 2-0: Called Strike 2-1: Called Strike 2-2: Strikes out swinging
|
Batting: SHB Pat Justice
|
0-0: Ball 1-0: Foul Ball, location: 2F 1-1: Swinging Strike 1-2: Reached on error, E6 (Groundball, 56, EV 89.4 MPH) Robert Mason scores Gong-sun Law to second
|
Batting: RHB Juan Lopez
|
0-0: Ball 1-0: Called Strike 1-1: Foul Ball, location: 2F 1-2: Fielders Choice at 2nd, 6-4 (Groundball, 6, EV 77.5 MPH)
|
Bottom of the 1st over - 2 runs, 2 hits, 1 error, 2 left on base; University of Miami 0 - University of Florida 2 |
TOP OF THE 2ND |
University of Miami Hurricanes batting - Pitching for University of Florida Gators : RHP Jay Rudacille
|
Batting: RHB Chris Zubia
|
0-0: Called Strike 0-1: Ball 1-1: Foul Ball, location: 2F 1-2: Foul Ball, location: 2F 1-2: Foul Ball, location: 2F 1-2: Fly out, F7 (Flyball, 78M, EV 88.1 MPH)
|
Batting: RHB Luis Sanchez
|
0-0: Ball 1-0: Fly out, F7 (Flyball, 7LS, EV 89.4 MPH)
|
Batting: SHB Taylor Shelton
|
0-0: Foul Ball, location: 2F 0-1: Ground out 4-3 (Groundball, 4, EV 82.5 MPH)
|
Top of the 2nd over - 0 runs, 0 hits, 0 errors, 0 left on base; University of Miami 0 - University of Florida 2 |
BOTTOM OF THE 2ND |
University of Florida Gators batting - Pitching for University of Miami Hurricanes : RHP Brandon Papa
|
Batting: LHB Jose Garcia
|
0-0: Called Strike 0-1: Ball 1-1: Called Strike 1-2: Strikes out swinging
|
Batting: RHB Keith Kamerling
|
0-0: Ball 1-0: Called Strike 1-1: Foul Ball, location: 2F 1-2: Foul Ball, location: 2F 1-2: Ball 2-2: Foul Ball, location: 2F 2-2: Foul Ball, location: 2F 2-2: Ball 3-2: SINGLE (Groundball, 6MS, EV 65.6 MPH) (infield hit)
|
Batting: RHB Marco Morales
|
0-0: DOUBLE (Line Drive, 3D, EV 95.0 MPH) Keith Kamerling to third
|
Batting: LHB Terry Bayer
|
0-0: SINGLE (Groundball, 4MD, EV 103.8 MPH) Keith Kamerling scores Marco Morales to third Runner from 3rd tries for Home, throw by CF and OUT! 8-2
|
Batting: RHB Robert Mason
|
0-0: DOUBLE (Flyball, 7LM, EV 104.4 MPH) Terry Bayer to third
|
Batting: RHB Gong-sun Law
|
0-0: Ball 1-0: Called Strike 1-1: Called Strike 1-2: Ball 2-2: Foul Ball, location: 2F 2-2: Foul Ball, location: 2F 2-2: Ball 3-2: SINGLE (Line Drive, 3L, EV 95.0 MPH) Terry Bayer scores Robert Mason to third Runner from 3rd tries for Home, SAFE, throw by RF to home
|
Pitching: RHP Josh Sundberg
|
|
Batting: RHB Elliott Pye
|
0-0: Ball 1-0: Foul Ball, location: 2F 1-1: Called Strike 1-2: Foul Ball, location: 2F 1-2: Ball 2-2: Foul Ball, location: 2F 2-2: 2-RUN HOME RUN (Line Drive, 78XD, EV 106.2 MPH), Distance : 420 ft
|
Batting: SHB Pat Justice
|
0-0: Ball 1-0: Foul Ball, location: 2F 1-1: Ball 2-1: Ball 3-1: Ground out 3-1 (Groundball, 34, EV 86.2 MPH)
|
Bottom of the 2nd over - 5 runs, 6 hits, 0 errors, 0 left on base; University of Miami 0 - University of Florida 7 |
TOP OF THE 3RD |
University of Miami Hurricanes batting - Pitching for University of Florida Gators : RHP Jay Rudacille
|
Batting: LHB Dennis Jones
|
0-0: Called Strike 0-1: Ball 1-1: Called Strike 1-2: Ball 2-2: Foul Ball, location: 2F 2-2: Ball 3-2: Strikes out looking
|
Batting: LHB Jose Lopez
|
0-0: Foul Ball, location: 2F 0-1: Fly out, F6 (Popup, 6MD, EV 54.4 MPH)
|
Batting: LHB Juan Zuniga
|
0-0: Foul Ball, location: 2F 0-1: Ball 1-1: Foul Ball, location: 2F 1-2: Ball 2-2: Ball 3-2: Strikes out swinging
|
Top of the 3rd over - 0 runs, 0 hits, 0 errors, 0 left on base; University of Miami 0 - University of Florida 7 |
BOTTOM OF THE 3RD |
University of Florida Gators batting - Pitching for University of Miami Hurricanes : RHP Josh Sundberg
|
Batting: RHB Juan Lopez
|
0-0: Called Strike 0-1: Foul Ball, location: 2F 0-2: Ball 1-2: Foul Ball, location: 2F 1-2: Ball 2-2: Foul Ball, location: 2F 2-2: Ground out 5-3 (Groundball, 5S, EV 63.8 MPH)
|
Batting: LHB Jose Garcia
|
0-0: Swinging Strike 0-1: Ball 1-1: Foul Ball, location: 2F 1-2: Foul Ball, location: 2F 1-2: Ball 2-2: Strikes out swinging
|
Batting: RHB Keith Kamerling
|
0-0: Ball 1-0: Ball 2-0: Called Strike 2-1: Called Strike 2-2: Ground out 3-1 (Groundball, 34, EV 80.0 MPH)
|
Bottom of the 3rd over - 0 runs, 0 hits, 0 errors, 0 left on base; University of Miami 0 - University of Florida 7 |
TOP OF THE 4TH |
University of Miami Hurricanes batting - Pitching for University of Florida Gators : RHP Jay Rudacille
|
Batting: RHB C.J. Fleet
|
0-0: Ball 1-0: Called Strike 1-1: Foul Ball, location: 2F 1-2: Ball 2-2: Strikes out swinging
|
Batting: RHB Sam Costello
|
0-0: Ball 1-0: Foul Ball, location: 2F 1-1: Foul Ball, location: 2F 1-2: Strikes out swinging
|
Batting: LHB Addergoole Kartosuwiryo
|
0-0: Called Strike 0-1: Called Strike 0-2: Strikes out swinging
|
Top of the 4th over - 0 runs, 0 hits, 0 errors, 0 left on base; University of Miami 0 - University of Florida 7 |
BOTTOM OF THE 4TH |
University of Florida Gators batting - Pitching for University of Miami Hurricanes : RHP Josh Sundberg
|
Batting: RHB Marco Morales
|
0-0: Ball 1-0: SOLO HOME RUN (Line Drive, 7D, EV 103.8 MPH), Distance : 378 ft
|
Batting: LHB Terry Bayer
|
0-0: Ball 1-0: Foul Ball, location: 2F 1-1: Foul Ball, location: 2F 1-2: Foul Ball, location: 2F 1-2: Ground out U3 (Groundball, 3, EV 99.4 MPH)
|
Batting: RHB Robert Mason
|
0-0: Ball 1-0: Ground out 1-3 (Groundball, 34S, EV 71.9 MPH)
|
Batting: RHB Gong-sun Law
|
0-0: Ball 1-0: Foul Ball, location: 2F 1-1: Reached on error, E5 (Groundball, 56, EV 108.8 MPH)
|
Batting: RHB Elliott Pye
|
0-0: Ball 1-0: Swinging Strike 1-1: Ground out U3 (Groundball, 3, EV 81.2 MPH)
|
Bottom of the 4th over - 1 run, 1 hit, 1 error, 1 left on base; University of Miami 0 - University of Florida 8 |
TOP OF THE 5TH |
University of Miami Hurricanes batting - Pitching for University of Florida Gators : RHP Jay Rudacille
|
Batting: RHB Chris Zubia
|
0-0: Ball 1-0: Foul Ball, location: 2F 1-1: Foul Ball, location: 2F 1-2: Ball 2-2: Foul Ball, location: 2F 2-2: Ball 3-2: Foul Ball, location: 2F 3-2: DOUBLE (Line Drive, 9LD, EV 104.4 MPH)
|
Batting: RHB Luis Sanchez
|
0-0: Called Strike 0-1: Swinging Strike 0-2: Strikes out swinging
|
Batting: SHB Taylor Shelton
|
0-0: Called Strike 0-1: Ball 1-1: Swinging Strike 1-2: Ball 2-2: Ball 3-2: DOUBLE (Line Drive, 78XD, EV 100.6 MPH) Chris Zubia scores
|
Batting: LHB Dennis Jones
|
0-0: Foul Ball, location: 2F 0-1: Ball 1-1: Foul Ball, location: 2F 1-2: Foul Ball, location: 2F 1-2: Ball 2-2: Strikes out swinging
|
Pitching: RHP Justin Alvarado
|
|
Batting: LHB Jose Lopez
|
0-0: Called Strike 0-1: Ball 1-1: Foul Ball, location: 2F 1-2: Ball 2-2: Ball 3-2: Foul Ball, location: 2F 3-2: Ground out 5-3 (Groundball, 56, EV 99.4 MPH)
|
Top of the 5th over - 1 run, 2 hits, 0 errors, 1 left on base; University of Miami 1 - University of Florida 8 |
BOTTOM OF THE 5TH |
University of Florida Gators batting - Pitching for University of Miami Hurricanes : RHP Josh Sundberg
|
Batting: SHB Pat Justice
|
0-0: Called Strike 0-1: Ball 1-1: Foul Ball, location: 2F 1-2: Strikes out swinging
|
Batting: RHB Juan Lopez
|
0-0: Ball 1-0: Ground out 6-3 (Groundball, 56, EV 82.5 MPH)
|
Batting: LHB Jose Garcia
|
0-0: Ball 1-0: Ball 2-0: Ground out U3 (Groundball, 34, EV 103.8 MPH)
|
Bottom of the 5th over - 0 runs, 0 hits, 0 errors, 0 left on base; University of Miami 1 - University of Florida 8 |
TOP OF THE 6TH |
University of Miami Hurricanes batting - Pitching for University of Florida Gators : RHP Justin Alvarado
|
Batting: LHB Juan Zuniga
|
0-0: Ball 1-0: Foul Ball, location: 2F 1-1: Swinging Strike 1-2: Strikes out swinging
|
Batting: RHB C.J. Fleet
|
0-0: Ball 1-0: Reached on error, E3 (Groundball, 34S, EV 91.2 MPH)
|
Batting: RHB Sam Costello
|
0-0: Ball 1-0: Ball 2-0: Ball 3-0: Base on Balls
|
Batting: LHB Addergoole Kartosuwiryo
|
0-0: Ball 1-0: Called Strike 1-1: Swinging Strike 1-2: Ball 2-2: Foul Ball, location: 2F 2-2: Strikes out swinging
|
Batting: RHB Chris Zubia
|
0-0: Called Strike 0-1: Ball 1-1: Ball 2-1: Foul Ball, location: 2F 2-2: Ball 3-2: Foul Ball, location: 2F 3-2: Fly out, F7 (Flyball, 7D, EV 98.1 MPH)
|
Top of the 6th over - 0 runs, 0 hits, 1 error, 2 left on base; University of Miami 1 - University of Florida 8 |
BOTTOM OF THE 6TH |
University of Florida Gators batting - Pitching for University of Miami Hurricanes : RHP Josh Sundberg
|
Batting: RHB Keith Kamerling
|
0-0: Called Strike 0-1: Fly out, F8 (Flyball, 8RD, EV 105.6 MPH)
|
Batting: RHB Marco Morales
|
0-0: Called Strike 0-1: Ball 1-1: Foul Ball, location: 2F 1-2: Ball 2-2: Fly out, F9 (Line Drive, 9, EV 93.1 MPH)
|
Batting: LHB Terry Bayer
|
0-0: Ball 1-0: Called Strike 1-1: TRIPLE (Line Drive, 9LD, EV 108.1 MPH)
|
Batting: RHB Robert Mason
|
0-0: Swinging Strike 0-1: Ball 1-1: Called Strike 1-2: Fly out, F4 (Line Drive, 4M, EV 72.5 MPH)
|
Bottom of the 6th over - 0 runs, 1 hit, 0 errors, 1 left on base; University of Miami 1 - University of Florida 8 |
TOP OF THE 7TH |
University of Miami Hurricanes batting - Pitching for University of Florida Gators : RHP Justin Alvarado
|
Batting: RHB Drew Morgenstern
|
0-0: Ball 1-0: Foul Ball, location: 2F 1-1: Ball 2-1: Swinging Strike 2-2: Ball 3-2: Fly out, F9 (Flyball, 89S, EV 81.2 MPH)
|
Batting: SHB Taylor Shelton
|
0-0: Ball 1-0: Called Strike 1-1: Fly out, F7 (Line Drive, 7, EV 97.5 MPH)
|
Batting: LHB Dennis Jones
|
0-0: Foul Ball, location: 2F 0-1: Foul Ball, location: 2F 0-2: Ball 1-2: Foul Ball, location: 2F 1-2: Ball 2-2: Ball 3-2: Fly out, F7 (Flyball, 78XD, EV 110.0 MPH)
|
Top of the 7th over - 0 runs, 0 hits, 0 errors, 0 left on base; University of Miami 1 - University of Florida 8 |
BOTTOM OF THE 7TH |
University of Florida Gators batting - Pitching for University of Miami Hurricanes : RHP Josh Sundberg
|
Pitching: LHP Bert Anderson
|
|
Batting: RHB Gong-sun Law
|
0-0: Called Strike 0-1: Ball 1-1: Ground out 3-1 (Groundball, 13, EV 81.2 MPH)
|
Batting: RHB Elliott Pye
|
0-0: Ball 1-0: Foul Ball, location: 2F 1-1: Called Strike 1-2: Ground out 6-3 (Groundball, 6, EV 82.5 MPH)
|
Pinch Hitting: SHB Nathan Clement
|
0-0: Ball 1-0: Ball 2-0: Foul Ball, location: 2F 2-1: Ball 3-1: Foul Ball, location: 2F 3-2: Base on Balls
|
Batting: RHB Juan Lopez
|
0-0: Swinging Strike 0-1: Foul Ball, location: 2F 0-2: Strikes out swinging
|
Bottom of the 7th over - 0 runs, 0 hits, 0 errors, 1 left on base; University of Miami 1 - University of Florida 8 |
TOP OF THE 8TH |
University of Miami Hurricanes batting - Pitching for University of Florida Gators : RHP Justin Alvarado
|
Now in RF: Dave Newsome
|
|
Batting: LHB Jose Lopez
|
0-0: Ground out 4-3 (Groundball, 4M, EV 85.0 MPH)
|
Batting: LHB Juan Zuniga
|
0-0: Called Strike 0-1: Swinging Strike 0-2: Foul Ball, location: 2F 0-2: Hit by Pitch
|
Pinch Hitting: RHB Leonardo Morales
|
0-0: Foul Ball, location: 2F 0-1: Ball 1-1: Ball 2-1: Foul Ball, location: 2F 2-2: SINGLE (Line Drive, 8LS, EV 93.1 MPH) Juan Zuniga to second
|
Pitching: RHP Jeff Nadeau
|
|
Batting: RHB Sam Costello
|
0-0: Ground out 5-3 (Groundball, 56S, EV 66.2 MPH) Juan Zuniga to third Leonardo Morales to second
|
Batting: LHB Addergoole Kartosuwiryo
|
0-0: Ball 1-0: Fly out, F7 (Flyball, 7D, EV 91.9 MPH)
|
Top of the 8th over - 0 runs, 1 hit, 0 errors, 2 left on base; University of Miami 1 - University of Florida 8 |
BOTTOM OF THE 8TH |
University of Florida Gators batting - Pitching for University of Miami Hurricanes : LHP Bert Anderson
|
Now at SS: Tu Vo
|
|
Batting: LHB Jose Garcia
|
0-0: Foul Ball, location: 2F 0-1: Ball 1-1: Swinging Strike 1-2: Foul Ball, location: 2F 1-2: Ball 2-2: Foul Ball, location: 2F 2-2: Ball 3-2: Base on Balls
|
Batting: RHB Keith Kamerling
|
0-0: Ball 1-0: Called Strike 1-1: Ball 2-1: SINGLE (Line Drive, 9LS, EV 91.9 MPH) Jose Garcia to second Runner from 2nd tries for 3rd, SAFE, throw by RF made to third
|
Batting: RHB Marco Morales
|
0-0: Called Strike 0-1: Ball 1-1: Ball 2-1: Ball 3-1: Base on Balls Keith Kamerling to second
|
Batting: LHB Terry Bayer
|
0-0: Called Strike 0-1: Ball 1-1: Fly out, F8 (Flyball, 78M, EV 83.1 MPH) Runner from 3rd tags up, SCORES, throw by CF
|
Pitching: RHP Wakina Olopoto
|
|
Batting: RHB Robert Mason
|
0-0: Ball 1-0: Fly out, F7 (Flyball, 7LS, EV 95.6 MPH)
|
Batting: RHB Gong-sun Law
|
0-0: Ball 1-0: Foul Ball, location: 2F 1-1: Foul Ball, location: 2F 1-2: Foul Ball, location: 2F 1-2: Strikes out swinging
|
Bottom of the 8th over - 1 run, 1 hit, 0 errors, 2 left on base; University of Miami 1 - University of Florida 9 |
TOP OF THE 9TH |
University of Miami Hurricanes batting - Pitching for University of Florida Gators : RHP Jeff Nadeau
|
Batting: RHB Chris Zubia
|
0-0: Called Strike 0-1: Ball 1-1: Ball 2-1: Ball 3-1: Foul Ball, location: 2F 3-2: Strikes out swinging
|
Batting: RHB Drew Morgenstern
|
0-0: Ball 1-0: Called Strike 1-1: Foul Ball, location: 2F 1-2: Ball 2-2: Strikes out swinging
|
Batting: SHB Taylor Shelton
|
0-0: Fly out, F8 (Flyball, 8RD, EV 95.0 MPH)
|
Top of the 9th over - 0 runs, 0 hits, 0 errors, 0 left on base; University of Miami 1 - University of Florida 9 |
|